 Dungeon Crawl Stone Soup version 0.19-a0-1886-gd64a0f0 (webtiles) character file.

147 Amnesiac the Chopper (level 5, -1/63 HPs)
             Began as a Demonspawn Wanderer on Oct 16, 2016.
             Was a Believer of Dithmenos.
             Slain by a killer bee (5 damage)
             ... on level 2 of the Dungeon.
             The game lasted 00:03:39 (1958 turns).

Amnesiac the Chopper (Demonspawn Wanderer)          Turns: 1958, Time: 00:03:40

Health: -1/63      AC:  7    Str: 19    XL:     5   Next: 7%
Magic:  0/5        EV: 10    Int: 11    God:    Dithmenos [**....]
Gold:   140        SH:  0    Dex: 14    Spells: 0 memorised, 4 levels left

rFire  . . .     SeeInvis .     a - +3 hand axe
rCold  . . .     Gourm    .     b - +0 ring mail
rNeg   . . .     Faith    .     (no shield)
rPois  .         Spirit   +     (no helmet)
rElec  .         Dismiss  .     (no cloak)
rCorr  .         Reflect  .     r - +1 pair of gloves
MR     .....     Harm     .     (no boots)
Stlth  ..........               (no amulet)
                                (no ring)
                                (no ring)

@: berserking, lethally poisoned (-1 -> -8), wreathed by umbra, very quick
A: hooves 1, magic shield, rot immunity
a: Shadow Step, Renounce Religion


You were on level 2 of the Dungeon.
You worshipped Dithmenos.
Dithmenos was pleased with you.
You were hungry.

You visited 1 branch of the dungeon, and saw 3 of its levels.

You collected 140 gold pieces.

Inventory:

Hand Weapons
 a - a +3 hand axe (weapon)
Armour
 b - a +0 ring mail (worn)
 n - a cursed +0 buckler
 r - a +1 pair of gloves (worn)
Jewellery
 e - an uncursed ring of magical power {unknown}
Scrolls
 c - a scroll of teleportation
 l - 3 scrolls of remove curse
Comestibles
 f - 3 bread rations
 h - a chunk of flesh
 i - a slice of pizza
 j - a beef jerky
 m - a royal jelly
 o - 5 fruits


   Skills:
 - Level 4.0 Fighting
 + Level 4.5 Axes
 - Level 1.0 Armour
 - Level 1.7 Stealth
 - Level 1.0 Shields
   Level 1.0 Evocations


You had 4 spell levels left.
You didn't know any spells.

Dungeon Overview and Level Annotations

Branches:
Dungeon (3/15)

Altars:
Dithmenos
Sif Muna


Innate Abilities, Weirdness & Mutations

You have large cloven feet.
When hurt, damage is shared between your health and your magic reserves.
You are immune to rotting.


Message History

You hear a loud clanging noise!
It was a scroll of noise.
You hear an angry hiss.
The killer bee stings you.
* * * LOW HITPOINT WARNING * * *
You are poisoned.
The killer bee poisons you! The killer bee stings you.
* * * LOW HITPOINT WARNING * * *
It was a potion of cure mutation.
It has a very clean taste.
* * * LOW HITPOINT WARNING * * *
You feel sick. The killer bee closely misses you. The killer bee stings you.
* * * LOW HITPOINT WARNING * * *
You are more poisoned.
The killer bee poisons you!
It was a potion of berserk rage.
A red film seems to cover your vision as you go berserk!
You feel yourself moving faster!
You feel mighty!
* * * LOW HITPOINT WARNING * * *
You feel sick. The killer bee stings you!
You die...

####### #.....# #####
#.###.# #...# #.#
#.########## ).#.#
##†###..........##
#...#
#@........###.....
#.#.##
#y.######.###.#.##
.###.# #..# #.....#.#
..#..# #..# ####..#.#
.#.#.###########..#
#..#.##
.#.#......(...<...####
#.....#
.#.......^....÷......#
#.##..#
..)...###########.##.#
#.##..# #####.#
####.##.# #.##...


You could see a killer bee.

Vanquished Creatures
  A killer bee (D:2)
  4 adders (D:2)
  An ooze (D:2)
  3 worms (D:2)
  A dart slug (D:2)
  A leopard gecko (D:2)
  4 ball pythons
  2 giant cockroaches (D:1)
  9 goblins
  5 hobgoblins
  2 bats
  4 frilled lizards
  9 kobolds
  7 rats
53 creatures vanquished.

Notes
Turn   | Place    | Note
-------+----------+-------------------------------------------
     0 | D:1      | Amnesiac the Demonspawn Wanderer began the quest for the Orb.
     0 | D:1      | Amnesiac set off with: a +2 hand axe, a +0 ring mail, a scroll of teleportation, a +0 dagger, a bread ration
     0 | D:1      | Reached XP level 1. HP: 19/19 MP: 1/1
   107 | D:2      | Gained mutation: You are immune to rotting. [demonic ancestry]
   107 | D:2      | Reached XP level 2. HP: 15/25 MP: 2/2
   237 | D:2      | Found a faded altar of an unknown god.
   245 | D:2      | Became a worshipper of Dithmenos the Shadowed
   245 | D:2      | Reached * piety under Dithmenos
   782 | D:1      | Gained mutation: You have large cloven feet. [demonic ancestry]
   782 | D:1      | Reached XP level 3. HP: 30/30 MP: 3/3
  1209 | D:2      | Found a deep blue altar of Sif Muna.
  1535 | D:2      | Reached ** piety under Dithmenos
  1535 | D:2      | Reached XP level 4. HP: 24/37 MP: 4/4
  1955 | D:2      | Gained mutation: When hurt, damage is shared between your health and your magic reserves. [demonic ancestry]
  1955 | D:2      | Reached XP level 5. HP: 12/42 MP: 5/5
  1958 | D:2      | Slain by a killer bee

Vault maps used:
D:1:      saegor_arrival_miasma
D:2:      marbit_many_paths, ecumenical_altar_1, minmay_mini_jars
D:3:      old_standard_altar, old_standard_altar, lemuel_crystal_altar,
          lemuel_round_altar, serial_corexii_hall, corexii_hall_statues_t,
          corexii_hall_statues_u, corexii_hall_statues_s,
          corexii_hall_statues_deadend

Skill      XL: |  1  2  3  4 |
---------------+-------------+-----
Axes           | 2 3 4 |  4.5
Fighting       | |  4.0
Armour         | |  1.0
Stealth        | |  1.7
Shields        | |  1.0
Evocations     | |  1.0

Action                   |  1- 3 |  4- 6 || total
-------------------------+-------+-------++-------
Melee: Hand axe          |   109 |    46 ||   155
       Kick              |    17 |     8 ||    25
  Use: Scroll            |       |     6 ||     6
       Potion            |       |     4 ||     4
 Stab: Sleeping          |     1 |       ||     1
  Eat: Chunk             |     2 |     1 ||     3
Armor: Ring mail         |    31 |    23 ||    54
Dodge: Dodged            |    70 |    41 ||   111
